 Dungeon Crawl Stone Soup version 0.24-a0-446-g87df7205b4 (webtiles) character file.

Game seed: 3974056019191294000

17578 nikopol the Thaumaturge (level 12, -7/61 HPs)
             Began as a Deep Elf Fire Elementalist on June 23, 2019.
             Mangled by a seven-headed hydra (8 damage)
             ... on level 1 of the Lair of Beasts.
             The game lasted 00:50:43 (15892 turns).

nikopol the Thaumaturge (DEFE)                     Turns: 15892, Time: 00:50:44

Health: -7/61      AC:  7    Str:  1    XL:     12   Next: 20%
Magic:  31/31      EV: 15    Int: 26    God:
Gold:   597        SH:  6    Dex: 15    Spells: 21/38 levels left

rFire    + + .     SeeInvis .   y - +0 dagger
rCold    . . .     Gourm    .   n - +0 buckler
rNeg     . . .     Faith    .   a - +0 robe
rPois    +         Spirit   .   N - +0 helmet
rElec    .         Reflect  .   e - +1 cloak
rCorr    .         Harm     .   (no gloves)
MR       ++...                  B - +1 pair of boots of Jopnoq {rF+ rC+ MR+ Str-4}
Stlth    +++.......             O - amulet of magic regeneration
HPRegen  0.20/turn              E - ring of fire
MPRegen  0.47/turn              k - ring of poison resistance

@: frozen, very slow
A: no striking features
a: no special abilities


You were on level 1 of the Lair of Beasts.
You were not hungry.

You visited 2 branches of the dungeon, and saw 13 of its levels.

You collected 597 gold pieces.

Inventory:

Hand Weapons
 y - a +0 dagger (weapon)
Armour
 a - a +0 robe (worn)
 e - a +1 cloak (worn)
 n - a +0 buckler (worn)
 B - the +1 pair of boots of Jopnoq (worn) {rF+ rC+ MR+ Str-4}
   (You found it on level 7 of the Dungeon)

   It affects your strength (-4).
   It protects you from fire.
   It protects you from cold.
   It affects your resistance to hostile enchantments.
 N - a +0 helmet (worn)
Jewellery
 h - an uncursed ring of wizardry
 k - a ring of poison resistance (right hand)
 l - an uncursed ring of flight
 E - a ring of fire (left hand)
 F - an uncursed ring of positive energy
 H - a +2 ring of evasion
 O - an amulet of magic regeneration (around neck)
Wands
 v - a wand of polymorph (17)
 G - a wand of random effects (16)
 I - a wand of flame (28)
 J - a wand of disintegration (14)
 P - a wand of scattershot (1)
 S - a wand of acid (6)
Scrolls
 b - a scroll of magic mapping
 f - a scroll of immolation
 j - 4 scrolls of teleportation
 m - 4 scrolls of amnesia {unknown}
 o - 2 scrolls of noise {unknown}
 s - 3 scrolls of blinking
 u - a scroll of random uselessness {unknown}
 A - 5 scrolls of remove curse
 C - a scroll of summoning {unknown}
 K - a scroll of fear {unknown}
 L - a scroll of fog {unknown}
 M - 2 scrolls of enchant weapon {unknown}
 Q - 4 scrolls of identify
Potions
 d - 3 potions of ambrosia {unknown}
 g - 4 potions of agility
 i - a potion of flight
 p - a potion of mutation {unknown}
 q - 6 potions of curing
 r - a potion of brilliance {unknown}
 t - a potion of cancellation {unknown}
 w - 3 potions of degeneration
 x - 4 potions of magic
 z - 3 potions of lignification
 D - 3 potions of heal wounds
Comestibles
 c - 10 rations


   Skills:
 + Level 1.3 Fighting
 + Level 1.2 Short Blades
 + Level 5.1 Dodging
 + Level 5.3 Stealth
 + Level 6.8 Shields
 + Level 13.7 Spellcasting
 + Level 10.6 Conjurations
 + Level 11.2 Fire Magic


You had 21 spell levels left.
You knew the following spells:

 Your Spells              Type           Power        Failure   Level  Hunger
a - Flame Tongue          Conj/Fire      #####        1%          1    None
b - Throw Flame           Conj/Fire      ######       1%          2    None
c - Conjure Flame         Conj/Fire      #######.     1%          3    None
d - Sticky Flame          Conj/Fire      #######.     1%          4    None
e - Fireball              Conj/Fire      #######...   1%          5    ##.....
k - Blink                 Tloc           N/A          4%          2    None

Your spell library contained the following spells:

 Spells                   Type           Power        Failure   Level  Hunger
 Magic Dart               Conj           ####         1%          1    None
 Inner Flame              Hex/Fire       ######..     1%          3    None
 Mephitic Cloud           Conj/Pois/Air  #####...     2%          3    None
 Call Imp                 Summ           ###.....     4%          2    None
 Slow                     Hex            ###.....     4%          2    None


Dungeon Overview and Level Annotations

Branches:
Dungeon (12/15)            Temple (0/1) D:6            Lair (1/6) D:8
    Orc (0/2) D:10

Altars:
Ashenzari
Elyvilon
Gozag
Kikubaaqudgha
Makhleb
Okawaru
Zin

Shops:
D:8 %

Portals:
Trove: D:12 (give +6 demon trident)


Message History

This raw flesh tastes terrible.
HP restored.
There is a staircase to the Lair, spattered with blood here.
You climb downwards.
Welcome back to the Lair of Beasts!
The seven-headed hydra bites you. The seven-headed hydra bites you!
The seven-headed hydra barely misses you.
The seven-headed hydra bites you but does no damage.
The seven-headed hydra bites you!
The seven-headed hydra closely misses you.
The seven-headed hydra barely misses you.
The rime drake breathes ice at you. The flash freeze hits you!!
* * * LOW HITPOINT WARNING * * *
You are encased in ice.
The seven-headed hydra bites you.
* * * LOW HITPOINT WARNING * * *
The seven-headed hydra bites you!
* * * LOW HITPOINT WARNING * * *
The seven-headed hydra bites you!
You die...

#...# #...#
+...# . #...#
.. #...#
.##.######...#
......D......#
.....k.@÷÷...#
.........÷...#
.............#
..#########..#
. .......#..##
.......#.†.#
.......#Y..#
.......#..##
.......#Y.#


You could see a seven-headed hydra and a rime drake.

Vanquished Creatures
  Snorg (D:11)
  Erica (D:8)
  2 two-headed ogres
  Sonja (D:11)
  An unseen horror (D:12)
  An ugly thing (D:12)
  2 manticores (D:11)
  A cyclops (D:11)
  3 centaur zombies
  Maurice (D:11)
  A black mamba (Lair:1)
  A spiny frog (Lair:1)
  A komodo dragon (D:8)
  Prince Ribbit (D:8)
  2 hippogriffs (D:12)
  A basilisk (D:12)
  2 wraiths
  13 yaks
  3 wyverns
  A steam dragon (D:11)
  2 hungry ghosts
  A soldier ant (D:10)
  A water moccasin (D:8)
  An ice beast (D:11)
  4 orc warriors
  6 sky beasts
  3 phantoms
  2 necrophages
  2 ogres
  3 centaurs
  A gnoll sergeant (D:6)
  11 bullfrogs
  4 big kobolds
  A wyvern zombie (D:12)
  5 scorpions
  9 killer bees
  8 wights
  A howler monkey (D:4)
  A bullfrog zombie (D:8)
  A crimson imp (D:9)
  8 orc priests
  5 centaur skeletons
  11 hounds
  3 jellies
  Jessica (D:2)
  A bullfrog skeleton (D:11)
  An iguana (D:5)
  9 orc wizards
  5 worker ants
  3 worker ant zombies
  8 gnolls
  17 adders
  A shadow imp (D:12)
  An adder skeleton (D:7)
  A worm (D:2)
  3 dart slugs
  3 leopard geckos
  31 orcs
  10 bats
  5 giant cockroaches
  8 goblins
  6 hobgoblins
  8 jackals
  20 kobolds
  6 quokkas
  A ball python (D:1)
  7 frilled lizards
  2 leopard gecko skeletons
  2 quokka skeletons
  9 rats
303 creatures vanquished.

Vanquished Creatures (others)
  3 plants
3 creatures vanquished.

Grand Total: 306 creatures vanquished

Notes
Turn   | Place    | Note
-------+----------+-------------------------------------------
     0 | D:1      | nikopol the Deep Elf Fire Elementalist began the quest for
                  | the Orb.
     0 | D:1      | Reached XP level 1. HP: 10/10 MP: 6/6
   186 | D:1      | Reached XP level 2. HP: 12/15 MP: 5/8
   807 | D:2      | Reached XP level 3. HP: 15/19 MP: 3/10
   811 | D:2      | Learned a level 2 spell: Throw Flame
   815 | D:2      | Learned a level 3 spell: Conjure Flame
   919 | D:2      | Found an opulent altar of Gozag.
   921 | D:2      | Found an ancient bone altar of Kikubaaqudgha.
   922 | D:2      | Found a glowing silver altar of Zin.
  1123 | D:2      | Noticed Jessica
  1128 | D:2      | Killed Jessica
  1181 | D:2      | Reached XP level 4. HP: 24/24 MP: 6/11
  1404 | D:2      | Reached skill level 4 in Spellcasting
  2847 | D:4      | Reached skill level 1 in Shields
  2847 | D:4      | Reached XP level 5. HP: 13/28 MP: 4/14
  3006 | D:4      | Learned a level 4 spell: Sticky Flame
  3176 | D:4      | Reached skill level 5 in Spellcasting
  3308 | D:4      | Reached XP level 6. HP: 25/32 MP: 4/16
  4227 | D:5      | Entered Level 5 of the Dungeon
  4237 | D:5      | Reached skill level 6 in Spellcasting
  4237 | D:5      | Reached skill level 5 in Fire Magic
  4240 | D:5      | Noticed a sky beast
  4248 | D:5      | Killed a sky beast
  4248 | D:5      | Reached XP level 7. HP: 32/36 MP: 2/18
  4697 | D:5      | Found a white marble altar of Elyvilon.
  4968 | D:5      | Found a burning altar of Makhleb.
  4972 | D:5      | Reached skill level 7 in Spellcasting
  5869 | D:5      | Learned a level 5 spell: Fireball
  5978 | D:6      | Reached XP level 8. HP: 41/41 MP: 6/21
  6439 | D:6      | Found a staircase to the Ecumenical Temple.
  6456 | D:6      | Reached skill level 5 in Conjurations
  6826 | D:6      | Reached skill level 8 in Spellcasting
  7000 | D:6      | Found a shattered altar of Ashenzari.
  7000 | D:6      | Found an iron altar of Okawaru.
  7248 | D:7      | Got a pair of crude boots
  7254 | D:7      | Identified the +1 pair of boots of Jopnoq {rF+ rC+ MR+
                  | Str-4} (You found it on level 7 of the Dungeon)
  7847 | D:7      | Reached XP level 9. HP: 45/45 MP: 17/23
  8625 | D:8      | Noticed a two-headed ogre
  8630 | D:8      | Killed a two-headed ogre
  8630 | D:8      | Reached skill level 1 in Short Blades
  8630 | D:8      | Reached skill level 9 in Spellcasting
  8795 | D:8      | Noticed Prince Ribbit
  8798 | D:8      | Killed Prince Ribbit
  8831 | D:8      | Found Fyworel's Food Emporium.
  8851 | D:8      | Reached skill level 10 in Spellcasting
  8951 | D:8      | Found a staircase to the Lair.
  8952 | D:8      | Noticed a komodo dragon
  9432 | D:8      | Killed a komodo dragon
  9432 | D:8      | Reached skill level 5 in Shields
  9432 | D:8      | Reached XP level 10. HP: 31/51 MP: 11/26
  9704 | D:8      | Noticed Erica
  9712 | D:8      | Killed Erica
 10238 | D:9      | Reached skill level 11 in Spellcasting
 11112 | D:9      | Noticed a two-headed ogre
 11116 | D:9      | Killed a two-headed ogre
 11415 | D:10     | Entered Level 10 of the Dungeon
 11434 | D:10     | Reached XP level 11. HP: 42/55 MP: 16/28
 11449 | D:10     | Reached skill level 1 in Fighting
 11792 | D:10     | Found a staircase to the Orcish Mines.
 11970 | D:10     | Reached skill level 12 in Spellcasting
 12265 | D:11     | Noticed Sonja
 12274 | D:11     | Killed Sonja
 12274 | D:11     | Reached skill level 10 in Fire Magic
 12436 | D:11     | Noticed Maurice
 12443 | D:11     | Killed Maurice
 13097 | D:11     | Noticed Snorg
 13102 | D:11     | Killed Snorg
 13940 | D:12     | Reached skill level 13 in Spellcasting
 14273 | D:12     | Reached skill level 5 in Dodging
 14273 | D:12     | Reached skill level 10 in Conjurations
 14764 | D:12     | Noticed a brown ugly thing
 14777 | D:12     | Killed a brown ugly thing
 14980 | D:12     | Killed an unseen horror
 14980 | D:12     | Reached XP level 12. HP: 61/61 MP: 20/31
 15219 | D:12     | Found a portal to a secret trove of treasure.
 15386 | Lair:1   | Entered Level 1 of the Lair of Beasts
 15398 | Lair:1   | Learned a level 2 spell: Blink
 15615 | Lair:1   | Reached skill level 5 in Stealth
 15772 | Lair:1   | Noticed a seven-headed hydra
 15892 | Lair:1   | HP: 1/61 [seven-headed hydra (8)]
 15892 | Lair:1   | Mangled by a seven-headed hydra

Levels and vault maps discovered:
D:1:      dpeg_arrival_concentric_ovals, layout_rooms,
          hangedman_abyss_or_decor_lesser_grid, ebering_dispersal_statue_hall
D:2:      layout_basic, minitemple, grunt_ministairs_12, uniq_jessica
D:3:      layout_basic, kennysheep_another_room
D:4:      layout_basic
D:5:      layout_basic, makhleb_heckhound_becter, first_ration, elyvilon_altar_5
D:6:      layout_loops_ring, grunt_temple_overflow_open,
          minmay_temple_entry_gardened_gates,
          minmay_a_box_with_orc_wizards_in_it
D:7:      layout_basic, enter_bailey_3
D:8:      layout_cave_pods, david_lair_shrubbed, serial_shops,
          nicolae_shop_statue_plus, uniq_erica, uniq_prince_ribbit1
D:9:      layout_roguey
D:10:     layout_cave_pools, orc_0_dummy
D:11:     layout_layer_cave, uniq_sonja, uniq_snorg, uniq_maurice
D:12:     layout_basic, nicolae_trove_entry_diagonal
Lair:1:   layout_regular_city, gammafunk_ghost_arena

Skill      XL: |  1  2  3  4  5  6  7  8  9 10 11 12 |
---------------+-------------------------------------+-----
Fire Magic     | 4 5 7 8 9 10 11 | 11.2
Spellcasting   | 4 5 6 7 8 10 11 13 | 13.7
Stealth        | 3 4 5 |  5.3
Shields        | 1 2 3 5 6 |  6.8
Conjurations   | 2 3 4 5 7 8 10 | 10.6
Dodging        | 3 4 5 |  5.1
Short Blades   | 1 |  1.2
Fighting       | 1 |  1.3

Action                   |  1- 3 |  4- 6 |  7- 9 | 10-12 || total
-------------------------+-------+-------+-------+-------++-------
Melee: Dagger            |       |       |    32 |    55 ||    87
 Cast: Flame Tongue      |    70 |    98 |   175 |   216 ||   559
       Sticky Flame      |       |     6 |    34 |    58 ||    98
       Conjure Flame     |       |       |     4 |     4 ||     8
       Fireball          |       |       |    10 |    42 ||    52
       Throw Flame       |       |       |     5 |     5 ||    10
Evoke: Wand              |       |       |       |     2 ||     2
  Use: Scroll            |       |       |    10 |     3 ||    13
  Eat: Chunk             |     1 |     6 |    16 |    20 ||    43
       Ration            |       |     1 |     2 |     2 ||     5
Armor: Robe              |    18 |    10 |    22 |    33 ||    83
Dodge: Dodged            |    32 |    13 |    73 |   113 ||   231
Block: Buckler           |     2 |     3 |    14 |    46 ||    65

Table legend:
 A = Non-vault XP
 B = Vault XP
 C = Vault XP percentage of total XP
 D = Non-vault monster count
 E = Vault monster count
 F = Vault count percentage of total count
                 A         B        C        D         E       F
            +---------+---------+-------+---------+---------+-------
      Total |   20866 |    4246 |  16.9 |     286 |      17 |   5.6
            +---------+---------+-------+---------+---------+-------
        D:1 |      36 |       0 |   0.0 |      22 |       0 |   0.0
        D:2 |      31 |      41 |  56.9 |      15 |       3 |  16.7
        D:3 |      34 |       0 |   0.0 |      14 |       0 |   0.0
        D:4 |     452 |       0 |   0.0 |      29 |       0 |   0.0
        D:5 |     605 |      46 |   7.1 |      16 |       1 |   5.9
        D:6 |     849 |     118 |  12.2 |      18 |       3 |  14.3
        D:7 |     902 |       8 |   0.9 |      19 |       4 |  17.4
        D:8 |    2684 |    1596 |  37.3 |      22 |       3 |  12.0
        D:9 |    4002 |       0 |   0.0 |      46 |       0 |   0.0
       D:10 |    1731 |       0 |   0.0 |      18 |       0 |   0.0
       D:11 |    3144 |    2437 |  43.7 |      33 |       3 |   8.3
       D:12 |    4196 |       0 |   0.0 |      25 |       0 |   0.0
     Lair:1 |    2200 |       0 |   0.0 |       9 |       0 |   0.0
            +---------+---------+-------+---------+---------+-------
